 Dungeon Crawl Stone Soup version 0.28.0 (webtiles) character file.

Game seed: 17357553219393123672

3 SnakkuSnakku7 the Sneak (level 1, -3/13 HPs)
             Began as a Vampire Fire Elementalist on Feb 14, 2022.
             Slain by a quokka (4 damage)
             ... on level 1 of the Dungeon.
             The game lasted 00:00:36 (121 turns).

SnakkuSnakku7 the Sneak (Vampire Fire Elementalist)  Turns: 121, Time: 00:00:37

Health: -3/13      AC:  3    Str:  7    XL:     1   Next: 41%
Magic:  0/3        EV: 11    Int: 17    God:
Gold:   9          SH:  0    Dex: 14    Spells: 3/4 levels left

rFire   . . .      SeeInvis +     - Unarmed
rCold   . . .      Faith    .   (no shield)
rNeg    . . .      Spirit   .   b - +0 leather armour
rPois   .          Reflect  .   (no helmet)
rElec   .          Harm     .   (no cloak)
rCorr   .          Rampage  .   (no gloves)
Will    .....                   (no boots)
Stlth   ++........              (no amulet)
HPRegen 0.24/turn               (no ring)
MPRegen 0.08/turn               (no ring)

@: healing quickly
A: alive, fangs 3, see invisible, vampiric 1
a: Exsanguinate


You were on level 1 of the Dungeon.
You visited 1 branch of the dungeon, and saw 1 of its levels.

You collected 9 gold pieces.

Inventory:

Armour
 a - a +0 robe
 b - a +0 leather armour (worn)
Scrolls
 d - a scroll of identify {unknown}
Potions
 c - a potion of flight {unknown}


   Skills:
 - Level 2.1 Dodging
 - Level 3.0 Stealth
 + Level 1.0 Unarmed Combat
 - Level 2.0 Spellcasting
 - Level 0.6 Conjurations
 - Level 2.4 Fire Magic


You had 3 spell levels left.
You knew the following spells:

 Your Spells              Type           Power      Damage    Failure   Level
a - Foxfire               Conj/Fire      24%        2x1d5     16%         1

Your spell library contained the following spells:

 Spells                   Type           Power      Damage    Failure   Level
 Scorch                   Fire           18%        2d6       17%         2
 Conjure Flame            Conj/Fire      6%         6-21      43%         3
 Inner Flame              Hex/Fire       5%         N/A       47%         3
 Flame Wave               Conj/Fire      6%         2d5       83%         4


Dungeon Overview and Level Annotations

Branches:
Dungeon (1/15)

Altars:


Innate Abilities, Weirdness & Mutations

Your natural rate of healing is accelerated.
You have razor-sharp teeth.
You have supernaturally acute eyesight. (SInv)
You are afflicted with vampirism.


Message History

The kobold is moderately wounded.
The kobold barely misses you.
You hit the kobold but do no damage.
The kobold is moderately wounded.
A quokka comes into view.
The kobold hits you but does no damage.
You hit the kobold but do no damage.
The kobold is moderately wounded.
The kobold barely misses you.
You closely miss the kobold.
The kobold is moderately wounded.
The kobold closely misses you.
You hit the kobold but do no damage.
The kobold is moderately wounded.
The kobold hits you but does no damage.
You barely miss the kobold. You bite the kobold, but do no damage.
The kobold is moderately wounded.
The kobold hits you but does no damage.
The quokka bites you but does no damage.
You closely miss the kobold.
The kobold is moderately wounded.
The kobold hits you with a +0 club. The quokka bites you.
Casting: Foxfire (safe; 16% risk of failure)
Press: ? - help, Q - select action Dir - look around, f - activate You conjure some foxfire!
The quokka bites you. The kobold hits you with a +0 club.
Casting: Foxfire (safe; 16% risk of failure)
Press: ? - help, Q - select action Dir - look around, f - activate You conjure some foxfire!
The foxfire hits the quokka.
The quokka is moderately wounded.
The foxfire hits the quokka.
The quokka is heavily wounded.
The quokka barely misses you. The kobold hits you with a +0 club.
* * * LOW HITPOINT WARNING * * *
Casting: Foxfire (safe; 16% risk of failure)
Press: ? - help, Q - select action Dir - look around, f - activate You conjure some foxfire!
The quokka bites you.
You die...

#...... .....
#...... ... #......
... #...... #.#
#...... #.#
####...>..
##.####....####.
..#######.......####
## ......K@v...#####
# ......rvv...# ###
...#........# ####..
. #..[.......#
#......
#........#..#
..##≈.#
##............
..≈≈..
#.........≈...#≈≈##.
#.!......≈≈....##...
........


You could see a quokka (ally target) and a kobold (ally target).

Vanquished Creatures
  A hobgoblin (D:1)
  A quokka (D:1)
  A rat (D:1)
3 creatures vanquished.

Vanquished Creatures (others)
  7 foxfires (D:1)
7 creatures vanquished.

Grand Total: 10 creatures vanquished

Notes
Turn   | Place    | Note
-------+----------+-------------------------------------------
     0 | D:1      | SnakkuSnakku7 the Vampire Fire Elementalist began the quest
                  | for the Orb.
     0 | D:1      | Reached XP level 1. HP: 13/13 MP: 3/3
   108 | D:1      | Reached skill level 1 in Unarmed Combat
   121 | D:1      | Slain by a quokka

Illustrated notes

Levels and vault maps discovered:
D:1:      denvon_arrival_waterhouse, layout_rooms, nrook_uturn

Skill      XL: |  1 |
---------------+----+-----
Unarmed Combat | 1 |  1.0
Dodging        | |  2.1
Stealth        | |  3.0
Spellcasting   | |  2.0
Conjurations   | |  0.6
Fire Magic     | |  2.4

Action                   || total
-------------------------++-------
Melee: Unarmed           ||    18
       Bite              ||     3
 Cast: Foxfire           ||     6
Armor: Leather armour    ||     5
       Robe              ||     2
Dodge: Dodged            ||    13
